 Dungeon Crawl Stone Soup version 0.23-a0-808-gd21de94 (webtiles) character file.

1748872 Tribble the Conqueror (level 27, 245/245 HPs)
             Began as a Minotaur Berserker on Jan 20, 2019.
             Was the Champion of Trog.
             Escaped with the Orb
             ... and 3 runes!
             The game lasted 05:29:49 (71911 turns).

Tribble the Conqueror (Minotaur Berserker)         Turns: 71911, Time: 05:29:50

Health: 245/245    AC: 52    Str: 31    XL:     27
Magic:  32/32      EV: 20    Int:  7    God:    Trog [******]
Gold:   2140       SH: 42    Dex: 16    Spells: 26/26 levels left

rFire    + + .     SeeInvis .   a - +8 broad axe (freeze)
rCold    + . .     Gourm    .   l - +10 large shield of Ignorance {rN+ Int-4}
rNeg     + + .     Faith    .   U - +12 gold dragon scales
rPois    +         Spirit   +   K - +2 hat of the Bear Spirit {Spirit, +Rage rN+ MR++}
rElec    .         Reflect  +   Q - +3 cloak "Cofrenay" {Int+3}
rCorr    .         Harm     .   B - +2 pair of gloves {archery}
MR       ++++.     Rnd*Rage +   H - +2 pair of boots
Stlth    ..........             s - +5 amulet of reflection
HPRegen  0.50/turn              Z - ring "Huarew" {rPois rF+ Str+4}
MPRegen  0.23/turn              E - +3 ring of slaying

@: no status effects
A: retaliatory headbutt, fangs 1, horns 2, berserk 2, blurry vision 1,
deterioration 2, frail 1, screaming 1, strong 1
0: Orb of Zot
}: 3/15 runes: decaying, serpentine, silver
a: Berserk, Trog's Hand, Brothers in Arms, Renounce Religion, Evoke Berserk Rage


You escaped.
You worshipped Trog.
Trog was exalted by your worship.
You were not hungry.

You visited 10 branches of the dungeon, and saw 52 of its levels.
You visited 1 bazaar.
You also visited: Wizlab.

You collected 8517 gold pieces.
You spent 6377 gold pieces at shops.

Inventory:

Hand Weapons
 a - a +8 broad axe of freezing (weapon)
 q - a +5 broad axe of chopping
Missiles
 j - 7 throwing nets
 p - 22 poisoned javelins (quivered)
Armour
 l - the +10 large shield of Ignorance (worn) {rN+ Int-4}
   (You found it on level 2 of the Orcish Mines)

   It affects your intelligence (-4).
   It protects you from negative energy.
 n - a +2 cloak of invisibility
 v - the +0 hat "Upoosid" {rC++ Dex-4}
   (You found it on level 2 of the Realm of Zot)

   It affects your dexterity (-4).
   It greatly protects you from cold.
 B - a +2 pair of gloves of archery (worn)
 H - a +2 pair of boots (worn)
 K - the +2 hat of the Bear Spirit (worn) {Spirit, +Rage rN+ MR++}
   (You bought it in a shop on level 6 of the Dungeon)

   It protects you from negative energy.
   It affects your resistance to hostile enchantments.
   It lets you go berserk.
 Q - the +3 cloak "Cofrenay" (worn) {Int+3}
   (You found it on level 5 of the Vaults)

   It affects your intelligence (+3).
 U - +12 gold dragon scales (worn)
Jewellery
 b - the ring of Tender Moments {rElec rF- rN+ EV+5 Str+2}
   (You took it off a deep elf mage on level 3 of the Elven Halls)

   [ring of evasion]

   It affects your evasion (+5).
   It affects your strength (+2).
   It makes you vulnerable to fire.
   It insulates you from electricity.
   It protects you from negative energy.
 s - a +5 amulet of reflection (around neck)
 E - a +3 ring of slaying (right hand)
 J - an uncursed ring of protection from fire
 M - the ring of Moanwen {rF- rC++ rN+ Str+2}
   (You found it on level 3 of the Crypt)

   [ring of positive energy]

   It affects your strength (+2).
   It makes you vulnerable to fire.
   It greatly protects you from cold.
   It protects you from negative energy.
 P - the ring "Siofo" {rN+ MR+ SInv}
   (You bought it in a shop in a bazaar)

   [ring of protection from magic]

   It protects you from negative energy.
   It affects your resistance to hostile enchantments.
   It lets you see invisible.
 X - an uncursed ring of protection from cold
 Z - the ring "Huarew" (left hand) {rPois rF+ Str+4}
   (You took it off a deep elf annihilator on level 3 of the Elven Halls)

   [ring of strength]

   It affects your strength (+4).
   It protects you from fire.
   It protects you from poison.
Wands
 h - a wand of disintegration (22)
 u - a wand of paralysis (55)
 y - a wand of digging (13)
 z - a wand of iceblast (18)
 C - a wand of acid (50)
 G - a wand of scattershot (2)
 R - a wand of enslavement (9)
Scrolls
 d - 27 scrolls of remove curse
 f - a scroll of identify
 o - 11 scrolls of magic mapping
 r - 10 scrolls of blinking
 D - 11 scrolls of fog
 F - 19 scrolls of teleportation
 L - a scroll of silence
 O - 4 scrolls of immolation
 V - 9 scrolls of fear
Potions
 e - 16 potions of curing
 g - 4 potions of heal wounds
 i - 2 potions of haste
 S - 4 potions of cancellation
 T - 5 potions of agility
Miscellaneous
 m - 2 boxes of beasts
 w - a lamp of fire
 N - 2 sacks of spiders
 W - a phial of floods
Comestibles
 c - 71 rations


   Skills:
 O Level 27 Fighting
 O Level 27 Axes
 - Level 24.0 Armour
 + Level 21.2 Dodging
 - Level 25.0 Shields
 - Level 14.0 Evocations


You had 26 spell levels left.
You didn't know any spells.
Your spell library contained the following spells:

 Spells                   Type           Power        Failure   Level  Hunger
 Animate Skeleton         Necr           N/A          97%         1    ##.....
 Apportation              Tloc           #.....       97%         1    ##.....
 Confusing Touch          Hex            #.....       97%         1    ##.....
 Magic Dart               Conj           #...         97%         1    ##.....
 Pain                     Necr           #...         97%         1    ##.....
 Summon Small Mammal      Summ           #...         97%         1    ##.....
 Passwall                 Tmut/Erth      #.......     99%         2    ###....
 Searing Ray              Conj           #.....       99%         2    ###....
 Swiftness                Chrm/Air       #.......     99%         2    ###....
 Dazzling Spray           Conj/Hex       #.....       100%        3    ####...
 Regeneration             Chrm/Necr      #.........   100%        3    ####...
 Spider Form              Tmut/Pois      #.........   100%        3    ####...
 Vampiric Draining        Necr           #.........   100%        3    ####...
 Animate Dead             Necr           N/A          100%        4    #####..
 Cause Fear               Hex            #.........   100%        4    #####..
 Force Lance              Conj/Tloc      #.......     100%        4    #####..
 Fulminant Prism          Conj/Hex       #.........   100%        4    #####..
 Iskenderun's Mystic Bla  Conj           #.......     100%        4    #####..
 Alistair's Intoxication  Tmut/Pois      #.......     100%        5    ######.
 Irradiate                Conj/Tmut      #.........   100%        5    ######.
 Lee's Rapid Deconstruct  Erth           #.........   100%        5    ######.
 Silence                  Hex/Air        #.........   100%        5    ######.
 Yara's Violent Unravell  Hex/Tmut       #.........   100%        5    ######.
 Darkness                 Hex            #.........   100%        6    #######
 Deflect Missiles         Chrm/Air       #.........   100%        6    #######
 Invisibility             Hex            #.......     100%        6    #######
 Statue Form              Tmut/Erth      #........    100%        6    #######
 Discord                  Hex            #.........   100%        8    #######
 Passage of Golubria      Tloc           Unusable     N/A         4    N/A

Dungeon Overview and Level Annotations

Branches:
Dungeon (15/15)            Temple (0/1) D:4            Lair (6/6) D:9
  Swamp (4/4) Lair:2        Snake (4/4) Lair:4        Slime (0/5) Lair:6
    Orc (2/2) D:11            Elf (3/3) Orc:2        Vaults (5/5) D:14
  Crypt (3/3) Vaults:3       Tomb (0/3) Crypt:3      Depths (5/5) D:15
    Zot (5/5) Depths:5

Altars:
Ashenzari
Dithmenos
Fedhas
Gozag
Kikubaaqudgha
Qazlal
Sif Muna
Trog
Uskayaw
Wu Jian
Xom
Yredelemnul
The Shining One
Jiyva

Shops:
D:6 [   D:10 =   Orc:2 [([[   Elf:2 **   Elf:3 *   Snake:2 =   Snake:4 =}=*
Vaults:1 }   Vaults:3 %

Portals:
Hell: Depths:1 Depths:2 Depths:3 Depths:4 Depths:5
Abyss: Depths:1 Depths:3 Depths:4
Pandemonium: Depths:3
Ziggurat: Depths:2
Trove: Vaults:4 (show slimy rune of Zot)

Annotations:
Lair:5 1 runed door, Setanta's ghost, journeyman DsFi
Snake:3 2 transporters, Musoz's ghost, adept MfIE
Orc:2 1 runed door, exclusion: orange crystal statue
Elf:2 5 runed doors
Depths:2 exclusion: downstairs
Zot:2 Haggihos's ghost, master VSFi
Abyss:1 Edmund


Innate Abilities, Weirdness & Mutations

You reflexively headbutt those who attack you in melee.
You have a pair of horns on your head.
You have very sharp teeth.
You often lose your temper in combat.
Scrolls take you a little longer to read.
Your body often deteriorates upon taking damage.
You are frail. (-10% HP)
You occasionally shout uncontrollably at your foes.
Your muscles are strong. (Str +2)


Message History

Aiming: Dig
Press: ? - help, Shift-Dir - straight line A rock wall.
This square is covered in magical glow.
The rock shatters into small pieces.
There is an escape hatch in the ceiling here.
A mysterious force pulls you upwards. The hatch slams shut behind you.
Evoke which item? (* to show all) (? for menu, Esc to quit)
Aiming: Dig
Press: ? - help, Shift-Dir - straight line A rock wall.
This square is covered in magical glow.
The rock shatters into small pieces.
Evoke which item? (* to show all) (? for menu, Esc to quit)
Aiming: Dig
Press: ? - help, Shift-Dir - straight line This square is covered in magical glow.
The rock shatters into small pieces.
There is a staircase leading out of the dungeon here.
You have escaped!

#........### #.# #.# #.#..
####........## #.# #.# #.#..
#............# ##.###.# #.#..
#....##..###.# #......# #..#'
#....###)###'###.########.#..
#....#.....#†#.....# ##..#..
#....###.#'#####.#'####.#.#..
#....+.#.#...........#.##.###
#....#.#.#..@..#.#.#.........
#....#.#+#..>..#+#.#.#.##.###
####.#.#.#.....#.#.###)##.##.
#...#.#.....+.#.'.#.##....
#.#'#.#+#####.#'#...#####.
#.#.....#÷+.....###.# #.
#.###.###.###.### #.# #.
#.............# #.# ###.
############### #.###.##


There were no monsters in sight!

Vanquished Creatures
  Mara (Crypt:2)
  6 orbs of fire
  2 ancient liches (Zot:5)
  Sojobo (Depths:2)
  Boris (Depths:3)
  3 pandemonium lords
  7 Killer Klowns
  5 curse toes
  the Enchantress (Depths:2)
  2 profane servitors (Crypt:3)
  17 golden dragons
  Nikola (Depths:2)
  2 electric golems (Zot:5)
  23 Orb Guardians
  2 deep elf blademasters (Elf:3)
  Asterion (Depths:2)
  4 liches
  The ghost of Tiewk the Spry, an adept SpEn of Kikubaaqudgha (Elf:2)
  23 tentacled monstrosities
  2 deep elf master archers (Elf:3)
  A titan (Vaults:5)
  5 death cobs
  2 Executioners (Zot:5)
  10 quicksilver dragons
  4 sphinxes
  11 tengu reavers
  Kirke (D:13)
  Agnes (Snake:2)
  15 ancient champions
  5 thorn hunters
  8 shadow dragons
  Frances (Snake:2)
  Roxanne (Swamp:3)
  17 storm dragons
  8 draconian monks
  12 nagarajas
  11 fire giants
  A revenant (Crypt:2)
  13 vault wardens
  8 draconian scorchers
  Louise (Elf:1)
  5 deep elf sorcerers
  3 ghost moths
  10 draconian knights
  6 draconian stormcallers
  8 frost giants
  6 draconian shifters
  A curse skull (Crypt:3)
  20 ghouls
  6 draconian annihilators
  19 ironheart preservers
  8 deep elf elementalists
  22 very ugly things
  A war gargoyle (Vaults:5)
  An entropy weaver (Vaults:4)
  5 spriggan defenders
  22 stone giants
  A caustic shrike skeleton (D:15)
  4 vampire knights
  2 reapers
  A small abomination (Vaults:5)
  13 black draconians
  12 green draconians
  8 deep elf demonologists
  16 white draconians
  10 deep elf annihilators
  A lorocyproca (D:11)
  15 purple draconians
  20 yellow draconians
  A spark wasp (Depths:4)
  8 red draconians
  3 eidola
  12 ettins
  An orange crystal statue (WizLab)
  16 deep elf death magi
  The ghost of Okamn the Thaumaturge, a journeyman GnSk of Okawaru (Lair:2)
  7 jiangshi
  5 death oozes (Crypt:1)
  A merfolk javelineer (Depths:5)
  3 mummy priests (Crypt:3)
  A quicksilver dragon zombie (D:15)
  6 deep elf high priests
  12 yaktaur captains
  10 great orbs of eyes
  13 fire dragons
  15 ice dragons
  18 hydras
  A hell beast (D:11)
  32 vault guards
  12 naga warriors
  9 rakshasas
  An alligator snapping turtle (shapeshifter) (Depths:2)
  2 shambling mangroves
  Erica (Orc:1)
  7 anacondas
  3 satyrs (Depths:2)
  5 spriggan air magi
  2 ghost crabs (Swamp:4)
  13 ogre magi
  10 dancing weapons
  3 death knights
  4 deep troll shamans
  11 alligators
  5 centaur warriors
  41 two-headed ogres
  7 naga sharpshooters
  7 death yaks (Lair:4)
  6 deep troll earth magi
  3 spriggan berserkers
  7 shock serpents
  3 tengu warriors
  11 vampire magi
  An orc high priest (Depths:4)
  15 deep elf knights
  2 sun demons
  A shock serpent (shapeshifter) (Depths:5)
  A shadow wraith (Crypt:3)
  A sixfirhy (Depths:5)
  4 large abominations
  38 skeletal warriors
  4 hell knights
  A cherub (Depths:1)
  A spriggan druid (Swamp:3)
  An unseen horror (D:15)
  6 salamander mystics
  4 naga ritualists
  A torturous demonspawn (Depths:3)
  17 deep trolls
  13 swamp dragons
  An unseen horror (shapeshifter) (Depths:3)
  7 flayed ghosts
  14 deep elf archers
  7 glowing orange brains
  A shadow demon (Depths:5)
  4 wizards
  Pikel (D:4)
  A lindwurm (shapeshifter) (Depths:4)
  An obsidian statue (Elf:2)
  12 harpies
  21 ironbrand convokers
  3 wolf spiders
  An orb spider (shapeshifter) (Vaults:3)
  15 phantasmal warriors
  4 mana vipers (Snake:4)
  A wolf spider (shapeshifter) (Vaults:2)
  A tengu skeleton (Vaults:4)
  8 necromancers
  A sphinx zombie (Crypt:3)
  13 orc knights
  A lindwurm (Lair:6)
  7 cyclopes
  10 salamanders
  6 fauns (Depths:2)
  2 orc sorcerers
  38 ugly things
  2 manticores
  62 deep elf magi
  11 human skeletons
  25 moths of wrath
  A toenail golem (D:11)
  37 black mambas
  9 guardian serpents
  An elephant (shapeshifter) (Elf:2)
  A black mamba (shapeshifter) (Vaults:3)
  A fire giant skeleton (D:15)
  A water nymph (shapeshifter) (Depths:4)
  13 naga magi
  17 vault sentinels
  A spiny frog (shapeshifter) (Depths:5)
  3 stone giant skeletons
  2 water nymphs (Depths:2)
  15 elephants
  A smoke demon (Depths:3)
  A torpor snail (shapeshifter) (Vaults:5)
  2 torpor snails
  A centaur skeleton (D:15)
  20 spiny frogs
  4 molten gargoyles
  A gargoyle (D:10)
  2 minotaur zombies
  A hellion (Zot:5)
  An iron troll zombie (Crypt:2)
  A sea snake zombie (Crypt:2)
  10 freezing wraiths
  A rime drake (Lair:6)
  A yaktaur (shapeshifter) (Vaults:1)
  A white draconian skeleton (Crypt:2)
  39 yaktaurs
  7 guardian mummies
  A yaktaur skeleton (Vaults:3)
  10 komodo dragons
  An anaconda simulacrum (Crypt:3)
  2 red devils
  3 tengu conjurers
  A death yak skeleton (Crypt:3)
  2 polar bears (Lair:5)
  A jumping spider (shapeshifter) (Vaults:5)
  2 hydra skeletons
  10 trolls
  2 trolls (shapeshifter)
  17 hornets
  A wind drake (shapeshifter) (D:14)
  17 tyrant leeches
  A fire dragon zombie (D:15)
  A harpy skeleton (Crypt:3)
  43 slime creatures
  9 blink frogs
  A wolf spider simulacrum (Crypt:1)
  A blink frog (shapeshifter) (Vaults:4)
  13 bog bodies
  A tarantella zombie (Crypt:3)
  10 flying skulls
  6 hippogriffs
  A black mamba zombie (Crypt:3)
  10 spriggans
  A spriggan (shapeshifter) (Vaults:5)
  An ettin skeleton (Crypt:3)
  14 wraiths
  A black mamba skeleton (Crypt:3)
  4 wyverns
  4 basilisks (Lair:6)
  4 water elementals
  6 shadows
  A tarantella (shapeshifter) (Vaults:5)
  3 hogs (D:13)
  2 orc simulacra
  5 humans (D:14)
  36 yaks
  2 fire elementals (Elf:2)
  3 ushabtiu (Crypt:3)
  11 vampire mosquitoes
  A yaktaur simulacrum (Vaults:1)
  6 wargs
  A chaos spawn (D:11)
  5 insubstantial wisps (Swamp:1)
  2 steam dragons
  56 nagas
  A soldier ant (D:14)
  A warg (shapeshifter) (Depths:4)
  5 acid dragons
  2 porcupines
  A soldier ant (shapeshifter) (Vaults:4)
  18 swamp worms
  3 floating eyes
  2 faun skeletons
  2 infernal demonspawn skeletons
  23 water moccasins
  4 sky beasts
  A torturous demonspawn skeleton (Crypt:3)
  7 hell hounds
  9 swamp drakes
  2 ettin simulacra (Crypt:1)
  44 orc warriors
  3 ice beasts
  3 slaves (D:4)
  5 black bears
  A phantom (D:13)
  7 necrophages
  A dream sheep zombie (Crypt:2)
  An eye of draining (Zot:5)
  A fire dragon simulacrum (Crypt:1)
  9 wolves
  21 centaurs
  11 boggarts
  A manticore skeleton (Crypt:3)
  29 ogres
  2 swamp dragon skeletons (Crypt:1)
  An elephant skeleton (Crypt:3)
  10 crocodiles
  3 big kobolds
  16 bullfrogs
  An earth elemental (Elf:3)
  A scorpion (shapeshifter) (Vaults:5)
  A hornet simulacrum (D:14)
  A wyvern skeleton (D:11)
  A cyclops skeleton (Crypt:2)
  5 scorpions
  24 killer bees
  20 wights
  A raiju skeleton (Crypt:1)
  2 howler monkeys (D:13)
  4 electric eels
  4 centaur zombies
  7 crimson imps
  3 bullfrog zombies
  A human simulacrum (Vaults:2)
  5 lava snakes (Lair:6)
  A quasit (D:8)
  12 hounds
  5 jellies
  4 bullfrog skeletons
  17 orc priests
  27 orc wizards
  Crazy Yiuf (D:3)
  3 iguanas
  Jessica (D:9)
  15 worker ants
  A porcupine skeleton (Crypt:1)
  A tengu zombie (Crypt:1)
  A killer bee zombie (D:7)
  A crocodile zombie (Crypt:1)
  A deep dwarf skeleton (Crypt:3)
  A hound zombie (Crypt:1)
  2 hound skeletons (D:8)
  8 mummies
  A worker ant zombie (D:10)
  Robin (D:3)
  A scorpion zombie (Crypt:1)
  24 adders
  2 shadow imps
  An ufetubus (D:4)
  An iguana zombie (Crypt:3)
  An iguana skeleton (Crypt:2)
  A worm (D:4)
  A dart slug (D:3)
  4 leopard geckos
  99 orcs
  2 ball pythons
  9 giant cockroaches
  9 hobgoblins
  5 jackals
  20 kobolds
  3 quokkas
  4 bats
  4 frilled lizards
  19 goblins
  An orc skeleton (Crypt:3)
  2 quokka skeletons (D:4)
  5 rats
  6 crawling corpses (Elf:3)
  4 fungi
  10 plants
  A withered plant (D:15)
2424 creatures vanquished.

Vanquished Creatures (collateral kills)
  A Killer Klown (Zot:5)
  Saint Roka (Depths:4)
  A tentacled monstrosity (Zot:5)
  2 Orb Guardians (Zot:5)
  A draconian monk (Zot:5)
  2 very ugly things (Depths:2)
  A fire dragon (Depths:2)
  A vault guard (D:14)
  A moth of wrath (Zot:5)
  A basilisk (D:12)
  6 humans (D:14)
  3 vampire mosquitoes (D:12)
  4 orc warriors (Orc:2)
  2 orc priests (Orc:2)
  An orc wizard (Orc:2)
  3 orcs
31 creatures vanquished.

Vanquished Creatures (others)
  A tengu reaver (Depths:4)
  A draconian knight (Zot:5)
  A stone giant (Depths:3)
  A black draconian (Zot:4)
  A lorocyproca (Depths:3)
  A vault guard (Vaults:5)
  6 yaktaur captains
  2 satyrs (Depths:2)
  A two-headed ogre (D:9)
  3 naga sharpshooters
  4 deep elf archers
  A harpy (Vaults:1)
  21 yaktaurs
  A hornet (D:7)
  A water elemental (Elf:2)
  An orc warrior (Orc:2)
  2 centaurs
  A bullfrog (D:10)
  A killer bee (D:9)
  A crimson imp (D:6)
  A jelly (D:5)
  A hound (D:6)
  An orc wizard (D:6)
  A bullfrog skeleton (D:9)
  An iguana (D:8)
  A howler monkey zombie (D:5)
  2 orcs (Orc:2)
  7 briar patches
  13 bushes (Lair:6)
  10 fungi
  38 plants
  6 withered plants
134 creatures vanquished.

Grand Total: 2589 creatures vanquished

Notes
Turn   | Place    | Note
-------+----------+-------------------------------------------
     0 | D:1      | Tribble the Minotaur Berserker began the quest for the Orb.
     0 | D:1      | Reached XP level 1. HP: 19/19 MP: 0/0
   178 | D:1      | Reached XP level 2. HP: 25/26 MP: 1/1
   926 | D:2      | Reached skill level 5 in Axes
   934 | D:2      | Reached ** piety under Trog
   934 | D:2      | Reached XP level 3. HP: 28/31 MP: 2/2
  1700 | D:2      | Reached XP level 4. HP: 34/39 MP: 3/3
  2024 | D:3      | Found an ornate altar of the Wu Jian Council.
  2134 | D:3      | Found a runed door.
  2282 | D:3      | Noticed Robin
  2317 | D:3      | Killed Robin
  2330 | D:3      | Reached XP level 5. HP: 44/45 MP: 4/4
  3052 | D:3      | Noticed Crazy Yiuf
  3056 | D:3      | Killed Crazy Yiuf
  3206 | D:4      | Reached XP level 6. HP: 51/51 MP: 5/5
  3263 | D:4      | Reached XP level 7. HP: 57/57 MP: 6/6
  3337 | D:4      | Found a glowing golden altar of the Shining One.
  3358 | D:4      | Reached *** piety under Trog
  3449 | D:4      | Found a glowing golden altar of the Shining One.
  3568 | D:4      | Found a staircase to the Ecumenical Temple.
  3568 | D:4      | Noticed Pikel
  3609 | D:4      | Killed Pikel
  3609 | D:4      | Reached skill level 10 in Axes
  3609 | D:4      | Reached XP level 8. HP: 66/66 MP: 7/7
  4060 | D:5      | Entered Level 5 of the Dungeon
  4166 | D:5      | Found a shattered altar of Ashenzari.
  4669 | D:5      | Reached skill level 5 in Fighting
  5271 | D:6      | Reached XP level 9. HP: 74/74 MP: 8/8
  5314 | D:6      | Found Joluk's Armour Shop.
  5316 | D:6      | Reached skill level 5 in Armour
  5443 | D:6      | Reached **** piety under Trog
  5443 | D:6      | Reached skill level 5 in Shields
  5570 | D:6      | Received a gift from Trog
  5672 | D:6      | Noticed Edmund
  5689 | D:6      | Banished Edmund
  5820 | D:7      | Paralysed by a hornet for 1 turns
  6295 | D:7      | Found a shimmering altar of Xom.
  6400 | D:7      | Reached XP level 10. HP: 83/84 MP: 9/9
  6930 | D:8      | Found a bloodstained altar of Trog.
  7167 | D:8      | Found a shadowy altar of Dithmenos.
  7167 | D:8      | Found a hide-covered altar of Uskayaw.
  7168 | D:8      | Found a stormy altar of Qazlal.
  7341 | D:9      | Reached ***** piety under Trog
  7432 | D:9      | Noticed a two-headed ogre
  7441 | D:9      | Killed a two-headed ogre
  7493 | D:9      | Found a glowing golden altar of the Shining One.
  7528 | D:9      | Found a staircase to the Lair.
  7588 | D:9      | Noticed Jessica
  7589 | D:9      | Killed Jessica
  7595 | D:9      | Found a deep blue altar of Sif Muna.
  7698 | D:9      | Noticed a two-headed ogre
  7708 | D:9      | Banished a two-headed ogre
  7921 | D:10     | Entered Level 10 of the Dungeon
  7921 | D:10     | Noticed a gargoyle
  7925 | D:10     | Killed a gargoyle
  7969 | D:10     | Found Diqos's Jewellery Shoppe.
  8170 | D:10     | Received a gift from Trog
  8313 | D:10     | Reached XP level 11. HP: 86/94 MP: 10/10
  8829 | D:11     | Found a staircase to the Orcish Mines.
  8974 | D:11     | Noticed a two-headed ogre
  8984 | D:11     | Killed a two-headed ogre
  8984 | D:11     | Reached skill level 10 in Shields
  9330 | D:6      | Bought the +2 hat of the Bear Spirit {Spirit, +Rage rN+
                  | MR++} for 469 gold pieces
  9330 | D:6      | Found the +2 hat of the Bear Spirit {Spirit, +Rage rN+
                  | MR++}
  9728 | D:12     | Noticed a death knight
  9741 | D:12     | Killed a death knight
  9741 | D:12     | Reached skill level 15 in Axes
  9825 | D:12     | Identified a scroll of acquirement
  9834 | D:12     | Noticed a two-headed ogre
  9840 | D:12     | Noticed a two-headed ogre
  9849 | D:12     | Killed a two-headed ogre
  9851 | D:12     | Killed a two-headed ogre
  9891 | D:12     | Noticed a five-headed hydra
 10011 | D:12     | Killed a two-headed hydra
 10018 | D:12     | Reached XP level 12. HP: 89/105 MP: 11/11
 10037 | D:12     | Received a gift from Trog
 10276 | D:12     | Noticed a two-headed ogre
 10282 | D:12     | Killed a two-headed ogre
 10282 | D:12     | Reached skill level 10 in Armour
 11059 | D:13     | Noticed Kirke
 11072 | D:13     | Killed Kirke
 11138 | D:13     | Reached skill level 10 in Fighting
 11314 | D:13     | Noticed an eight-headed hydra
 11324 | D:13     | Killed a four-headed hydra
 11672 | D:14     | Noticed a seven-headed hydra
 11682 | D:14     | Killed a two-headed hydra
 11790 | D:14     | You fall through a shaft!
 11790 | D:15     | Entered Level 15 of the Dungeon
 11975 | D:15     | Found a staircase to the Depths.
 12000 | D:15     | Reached XP level 13. HP: 116/116 MP: 7/12
 12318 | D:14     | Found a gate to the Vaults.
 12361 | D:14     | Received a gift from Trog
 12984 | Lair:1   | Entered Level 1 of the Lair of Beasts
 13684 | Lair:2   | Found a staircase to the Swamp.
 14260 | Lair:2   | Found a runed door.
 14261 | Lair:2   | Noticed Okamn's ghost (journeyman GnSk)
 15687 | Lair:3   | Found the +8 whip "Snakebite" {curare, rPois}
 15849 | Lair:4   | Received a gift from Trog
 16030 | Lair:4   | Reached XP level 14. HP: 123/126 MP: 11/13
 16357 | Lair:4   | Found a staircase to the Snake Pit.
 16361 | Lair:4   | You fall through a shaft for 2 floors!
 16361 | Lair:6   | Entered Level 6 of the Lair of Beasts
 16446 | Lair:6   | Found a viscous altar of Jiyva.
 16447 | Lair:6   | Found a staircase to the Slime Pits.
 16578 | Lair:4   | Reached skill level 15 in Shields
 17660 | Lair:5   | Noticed Setanta's ghost (journeyman DsFi)
 17663 | Lair:5   | Found a runed door.
 17776 | Lair:5   | Received a gift from Trog
 18583 | Lair:6   | Found a large runed door.
 18584 | Lair:6   | Found a large runed door.
 19070 | Lair:6   | Reached skill level 1 in Evocations
 19354 | Lair:6   | Reached XP level 15. HP: 136/136 MP: 14/14
 20122 | Orc:1    | Entered Level 1 of the Orcish Mines
 20135 | Orc:1    | Noticed Erica
 20136 | Orc:1    | Received a gift from Trog
 20147 | Orc:1    | Killed Erica
 20399 | Orc:1    | Reached ****** piety under Trog
 20584 | Orc:2    | Entered Level 2 of the Orcish Mines
 20584 | Orc:2    | Found a runed door.
 20584 | Orc:2    | Found a staircase to the Elven Halls.
 20802 | Orc:2    | Found the +10 large shield of Ignorance {rN+ Int-4}
 20840 | Orc:2    | Found a runed door.
 20971 | Orc:2    | Found Ygrunt's Antique Weapon Boutique.
 20971 | Orc:2    | Found Xaadauk's Antique Armour Emporium.
 20974 | Orc:2    | Found Birifoq's Antique Armour Shop.
 20977 | Orc:2    | Reached skill level 15 in Armour
 21288 | Orc:2    | Found Jiuc's Armour Shoppe.
 21865 | Elf:1    | Entered Level 1 of the Elven Halls
 22025 | Elf:1    | Found a flickering gateway to a bazaar.
 22073 | Bazaar   | Entered a bazaar
 22093 | Bazaar   | Found Pugg's Book Shoppe.
 22112 | Bazaar   | Found Ciguv's Magic Scroll Shop.
 22159 | Bazaar   | Found Nuutyl's Assorted Antiques.
 22163 | Bazaar   | Bought a shimmering granite ring for 165 gold pieces
 22163 | Bazaar   | Identified the ring "Siofo" {rN+ MR+ SInv} (You bought it
                  | in a shop in a bazaar)
 22215 | Elf:1    | Found a shimmering altar of Xom.
 22676 | Elf:1    | Noticed Louise
 22697 | Elf:1    | Killed Louise
 22981 | Elf:1    | Received a gift from Trog
 23443 | Elf:2    | Found a runed gate.
 23443 | Elf:2    | Found a runed gate.
 23443 | Elf:2    | Found an opulent altar of Gozag.
 23443 | Elf:2    | Found a runed gate.
 23444 | Elf:2    | Noticed Tiewk's ghost (adept SpEn)
 23446 | Elf:2    | Found Qail's Assorted Antiques.
 23448 | Elf:2    | Found Ziyda's Assorted Antiques.
 23739 | Elf:2    | Reached XP level 16. HP: 147/147 MP: 18/18
 23855 | Elf:2    | Received a gift from Trog
 24128 | Elf:2    | Found a huge runed gate.
 24128 | Elf:2    | Found a huge runed gate.
 24128 | Elf:2    | Found a huge runed gate.
 24140 | Elf:2    | Found a huge runed gate.
 24141 | Elf:2    | Found a huge runed gate.
 24412 | Elf:2    | Killed Tiewk's ghost
 24842 | Elf:2    | Upgraded the game from 0.23-a0-805-gc1268f8 to
                  | 0.23-a0-808-gd21de94
 24931 | Elf:3    | Entered Level 3 of the Elven Halls
 25322 | Elf:3    | Received a gift from Trog
 25424 | Elf:3    | Reached skill level 15 in Fighting
 25426 | Elf:3    | Noticed a deep elf blademaster
 25428 | Elf:3    | Reached skill level 5 in Evocations
 25428 | Elf:3    | Noticed a deep elf master archer
 25437 | Elf:3    | Killed a deep elf blademaster
 25448 | Elf:3    | Killed a deep elf master archer
 25450 | Elf:3    | Noticed a deep elf master archer
 25454 | Elf:3    | Noticed a deep elf blademaster
 25457 | Elf:3    | Identified the +12 hand axe "Zyg Heg" {flame, rC- Dex+5}
 25468 | Elf:3    | Killed a deep elf blademaster
 25469 | Elf:3    | Killed a deep elf master archer
 25488 | Elf:3    | Reached XP level 17. HP: 104/156 MP: 8/20
 25702 | Elf:3    | Found Currok's General Store.
 25708 | Elf:3    | Bought a scroll of enchant armour for 90 gold pieces
 25930 | Elf:3    | Received a gift from Trog
 26028 | Elf:3    | Identified the +4 halberd of Doom {chop, rC+}
 26082 | Elf:3    | Identified the +7 glaive of Byof {chop, +Rage rF- Str+10}
 26241 | Elf:3    | Identified the ring of Tender Moments {rElec rF- rN+ EV+5
                  | Str+2}
 26530 | Elf:3    | Identified the ring "Huarew" {rPois rF+ Str+4}
 26538 | Elf:3    | Identified the ring "Heush" {rPois rC+ EV+4 Str+5 Int-5}
 26576 | Elf:3    | Identified the +9 short sword "Ciuff" {pierce, *Rage rElec
                  | MR+ Str+5}
 26641 | Elf:3    | Got a vibrating pewter ring
 26642 | Elf:3    | Identified the ring "Imeag" {rElec Str+4 Stlth-} (You found
                  | it on level 3 of the Elven Halls)
 26935 | Orc:2    | Bought a translucent crystal plate armour for 3400 gold
                  | pieces
 26935 | Orc:2    | Identified the +14 crystal plate armour of the Equator
                  | {rElec Int+7 Slay-4} (You bought it in a shop on level 2 of
                  | the Orcish Mines)
 27134 | Snake:1  | Entered Level 1 of the Snake Pit
 27569 | Snake:1  | Received a gift from Trog
 27919 | Snake:2  | Found Wulutedo's Jewellery Shop.
 27994 | Snake:2  | Noticed Frances
 28006 | Snake:2  | Killed Frances
 28164 | Snake:2  | Noticed Agnes
 28187 | Snake:2  | Killed Agnes
 28670 | Snake:3  | Noticed Musoz's ghost (adept MfIE)
 28677 | Snake:3  | Found a transporter.
 28920 | Snake:3  | Found a transporter.
 29136 | Snake:4  | Entered Level 4 of the Snake Pit
 29157 | Snake:4  | Found Bypheges's Assorted Antiques.
 29414 | Snake:4  | Received a gift from Trog
 29434 | Snake:4  | Reached XP level 18. HP: 139/166 MP: 21/21
 29835 | Snake:4  | Received a gift from Trog
 29876 | Snake:4  | Received a gift from Trog
 30066 | Snake:4  | Got a serpentine rune of Zot
 30276 | Snake:4  | Found Rexem's Jewellery Boutique.
 30276 | Snake:4  | Found Vog Zeko's Gadget Emporium.
 30277 | Snake:4  | Found Gyekkyh's Jewellery Boutique.
 30593 | Swamp:1  | Entered Level 1 of the Swamp
 31932 | Swamp:3  | Received a gift from Trog
 32076 | Swamp:3  | Identified Roxanne's Almanac of Transformation
 32076 | Swamp:3  | Noticed Roxanne
 32353 | Swamp:3  | Killed Roxanne
 32371 | Swamp:3  | Reached XP level 19. HP: 174/174 MP: 22/22
 32892 | Swamp:4  | Entered Level 4 of the Swamp
 33412 | Swamp:4  | Received a gift from Trog
 33604 | Swamp:4  | Got a decaying rune of Zot
 34400 | Depths:1 | Entered Level 1 of the Depths
 34609 | Depths:1 | Found a gateway to Hell.
 34787 | Depths:1 | Found a one-way gate to the infinite horrors of the Abyss.
 35286 | Depths:1 | Gained mutation: You are partially covered in iridescent
                  | scales. (AC +2) [potion of mutation]
 35286 | Depths:1 | Gained mutation: You are resistant to hostile enchantments.
                  | (MR+) [potion of mutation]
 35286 | Depths:1 | Gained mutation: You are agile. (Dex +2) [potion of
                  | mutation]
 35554 | Depths:1 | Lost mutation: You are agile. (Dex +2) [potion of mutation]
 35554 | Depths:1 | Lost mutation: You are partially covered in iridescent
                  | scales. (AC +2) [potion of mutation]
 35554 | Depths:1 | Gained mutation: You are weak. (Str -2) [potion of
                  | mutation]
 35554 | Depths:1 | Gained mutation: Your flesh is heat resistant. (rF+)
                  | [potion of mutation]
 35665 | Depths:2 | Found a magical portal.
 35672 | Depths:2 | Noticed Sojobo
 35683 | Depths:2 | Received a gift from Trog
 35717 | Depths:2 | Killed Sojobo
 35769 | WizLab   | Entered Wucad Mu's Monastery
 36122 | WizLab   | Found the +9 staff of Wucad Mu {channel}
 36167 | WizLab   | Reached XP level 20. HP: 182/191 MP: 23/23
 36323 | Depths:2 | Noticed Nikola
 36335 | Depths:2 | Killed Nikola
 36335 | Depths:2 | Reached XP level 21. HP: 172/198 MP: 20/24
 36336 | Depths:2 | Found a gateway to a ziggurat.
 37243 | Depths:2 | Noticed Asterion
 37252 | Depths:2 | Killed Asterion
 37347 | Depths:2 | Identified the +2 faerie dragon scales {+Inv rElec Regen+
                  | rCorr Dex-4}
 37347 | Depths:2 | Noticed the Enchantress
 37395 | Depths:2 | Killed the Enchantress
 37864 | Elf:3    | Identified the Volume of Burning Conjuration
 39510 | Depths:3 | Noticed Boris
 39523 | Depths:3 | Killed Boris
 39996 | Depths:3 | Found a one-way gate leading to the halls of Pandemonium.
 40116 | Depths:4 | Received a gift from Trog
 40298 | Depths:4 | Paralysed by a floating eye for 2 turns
 40332 | Depths:4 | Noticed Saint Roka
 40357 | Depths:4 | Killed Saint Roka
 40700 | Depths:4 | Reached XP level 22. HP: 211/211 MP: 26/26
 40737 | Depths:4 | Got a steaming amber ring
 40738 | Depths:4 | Identified the ring "Meqerig" {rPois MR+ MP+9 AC+2} (You
                  | found it on level 4 of the Depths)
 40824 | Depths:4 | Identified the ring "Nuiwnuq" {rF+ Dex+3}
 41199 | Depths:4 | Noticed a golden dragon
 41313 | Depths:3 | Killed a golden dragon
 41332 | Depths:4 | Received a gift from Trog
 41381 | Depths:4 | Got a scorched iron ring
 41423 | Depths:4 | Found a blossoming altar of Fedhas.
 41437 | Depths:4 | Identified the ring of Vampiric Thralls {rElec rPois rF+}
                  | (You found it on level 4 of the Depths)
 41533 | Depths:4 | Got a faintly glowing war axe
 41534 | Depths:4 | Identified the +2 war axe of Imabics {protect, Int+4} (You
                  | found it on level 4 of the Depths)
 41727 | Depths:5 | Entered Level 5 of the Depths
 41903 | Depths:5 | Noticed a golden dragon
 41923 | Depths:5 | Killed a golden dragon
 41933 | Depths:5 | Noticed a golden dragon
 41949 | Depths:5 | Killed a golden dragon
 42143 | Depths:5 | Paralysed by a floating eye for 3 turns
 42150 | Depths:5 | Paralysed by a floating eye for 4 turns
 42371 | Depths:5 | Found a gate to the Realm of Zot.
 42498 | Depths:5 | Got a smoking chain mail
 42966 | Depths:5 | Reached XP level 23. HP: 214/222 MP: 26/28
 43398 | Vaults:1 | Entered Level 1 of the Vaults
 43412 | Vaults:1 | Received a gift from Trog
 43540 | Vaults:1 | Found Plog's Gadget Shop.
 43828 | Vaults:1 | Received a gift from Trog
 44610 | Vaults:1 | Got a sapphire hand axe {god gift}
 44857 | Vaults:2 | Received a gift from Trog
 45270 | Vaults:2 | Reached skill level 10 in Evocations
 45371 | Vaults:2 | Got a steaming marble ring
 45571 | Vaults:2 | Received a gift from Trog
 45877 | Vaults:2 | Identified the ring "Fust" {*Tele rC++ rN+ MP-9 Int+4} (You
                  | found it on level 2 of the Vaults)
 46248 | Vaults:3 | Found Caybeid's Food Emporium.
 46259 | Vaults:3 | Reached XP level 24. HP: 235/235 MP: 29/29
 46555 | Vaults:3 | Received a gift from Trog
 46796 | Vaults:3 | Found a staircase to the Crypt.
 47248 | Crypt:1  | Entered Level 1 of the Crypt
 47386 | Crypt:1  | Received a gift from Trog
 48777 | Crypt:2  | Noticed Mara
 48789 | Crypt:2  | Killed Mara
 48949 | Crypt:2  | Received a gift from Trog
 49193 | Crypt:3  | Entered Level 3 of the Crypt
 50598 | Crypt:3  | Reached skill level 5 in Dodging
 50638 | Crypt:3  | Reached XP level 25. HP: 175/246 MP: 28/29
 50893 | Crypt:3  | Received a gift from Trog
 51139 | Crypt:3  | Found a staircase to the Tomb.
 51253 | Crypt:3  | Found a basalt altar of Yredelemnul.
 51338 | Crypt:3  | Found an ancient bone altar of Kikubaaqudgha.
 51354 | Crypt:3  | Identified the +10 hand axe of Eternal Vigilance {elec,
                  | rC++} (Trog gifted it to you on level 1 of the Vaults)
 51382 | Crypt:3  | Found the +7 sceptre of Torment {pain, torment}
 51416 | Crypt:3  | Got a glittering pewter ring
 51416 | Crypt:3  | Got a shimmering wooden ring
 51422 | Crypt:3  | Identified the ring of Moanwen {rF- rC++ rN+ Str+2} (You
                  | found it on level 3 of the Crypt)
 51424 | Crypt:3  | Identified the ring "Uwoxua" {rN+ Int+9} (You found it on
                  | level 3 of the Crypt)
 52867 | Snake:4  | Bought a scroll of immolation for 143 gold pieces
 53637 | Vaults:4 | Found a portal to a secret trove of treasure.
 53811 | Vaults:4 | Reached skill level 10 in Dodging
 53859 | Vaults:4 | Received a gift from Trog
 54663 | Vaults:5 | Entered Level 5 of the Vaults
 54694 | Vaults:5 | Received a gift from Trog
 55144 | Vaults:5 | Reached XP level 26. HP: 259/259 MP: 26/29
 55331 | Vaults:5 | Received a gift from Trog
 55714 | Vaults:5 | Identified the ring "Metaoc" {Ice +Fly rElec Str-5 Int+4}
 55848 | Vaults:5 | Identified the amulet "Locs" {RegenMP MR- Str+4 Int+5}
 55992 | Vaults:5 | Got a silver rune of Zot
 56004 | Vaults:5 | Got a translucent cloak
 56005 | Vaults:5 | Identified the +3 cloak "Cofrenay" {Int+3} (You found it on
                  | level 5 of the Vaults)
 56060 | Vaults:5 | Found the +7 Singing Sword {slice, sonic wave}
 56185 | Vaults:5 | Identified the cursed +0 robe of Acvu {rPois rC+ Str+3
                  | Stlth-}
 56868 | Zot:1    | Entered Level 1 of the Realm of Zot
 56919 | Zot:1    | Noticed an orb of fire
 56926 | Zot:1    | Gained mutation: You are clumsy. (Dex -2) [an orb of fire]
 56927 | Zot:1    | Gained mutation: You have very sharp teeth. [an orb of
                  | fire]
 56932 | Zot:1    | Received a gift from Trog
 56940 | Zot:1    | Killed an orb of fire
 58574 | Elf:2    | Bought a scroll of enchant weapon for 240 gold pieces
 59899 | Elf:2    | Bought a potion of mutation for 256 gold pieces
 59899 | Elf:2    | Bought a wand of digging (5) for 256 gold pieces
 59899 | Elf:2    | Bought 2 scrolls of enchant armour for 480 gold pieces
 59899 | Elf:2    | Bought a sack of spiders for 640 gold pieces
 60135 | Lair:2   | Killed Okamn's ghost
 60973 | D:10     | Bought a cursed ring of resist corrosion for 238 gold
                  | pieces
 61257 | Depths:5 | Identified the +1 chain mail "Goclodoi" {rPois Stlth+} (You
                  | found it on level 5 of the Depths)
 61585 | Zot:2    | Received a gift from Trog
 61884 | Zot:2    | Reached skill level 15 in Dodging
 62031 | Zot:2    | Reached XP level 27. HP: 249/266 MP: 27/30
 62234 | Zot:2    | Got a bloodstained hand axe
 62259 | Zot:2    | Found a runed gate.
 62478 | Zot:2    | Found a runed gate.
 62478 | Zot:2    | Found a runed gate.
 62483 | Zot:2    | Noticed Haggihos's ghost (master VSFi)
 62483 | Zot:2    | Noticed an orb of fire
 63197 | Zot:2    | Gained mutation: You tend to lose your temper in combat.
                  | [an orb of fire]
 63542 | Zot:2    | Got a steaming hat
 63591 | Zot:2    | Identified the cursed +0 hat "Upoosid" {rC++ Dex-4} (You
                  | found it on level 2 of the Realm of Zot)
 65014 | Zot:4    | Received a gift from Trog
 66400 | Zot:5    | Entered Level 5 of the Realm of Zot
 66865 | Zot:5    | Reached skill level 27 in Fighting
 66995 | Zot:5    | Identified the cursed +0 hand axe "Qullum" {vamp, rF+} (You
                  | found it on level 2 of the Realm of Zot)
 67177 | Zot:5    | Received a gift from Trog
 68639 | Zot:5    | Noticed an ancient lich
 68647 | Zot:5    | Noticed an orb of fire
 68647 | Zot:5    | Noticed an orb of fire
 68650 | Zot:5    | Noticed an orb of fire
 68655 | Zot:5    | Gained mutation: Scrolls take you a little longer to read.
                  | [an orb of fire]
 68657 | Zot:5    | Gained mutation: You are very clumsy. (Dex -4) [an orb of
                  | fire]
 68664 | Zot:5    | Killed an orb of fire
 68668 | Zot:5    | Gained mutation: You are dopey. (Int -2) [an orb of fire]
 69498 | Zot:5    | Gained mutation: Your body sometimes deteriorates upon
                  | taking damage. [an orb of fire]
 69507 | Zot:5    | Gained mutation: You often lose your temper in combat. [an
                  | orb of fire]
 69513 | Zot:5    | Lost intelligence.
 69513 | Zot:5    | Gained mutation: You are very dopey. (Int -4) [an orb of
                  | fire]
 69514 | Zot:5    | Gained mutation: You occasionally shout uncontrollably at
                  | your foes. [an orb of fire]
 69515 | Zot:5    | Gained mutation: Your body often deteriorates upon taking
                  | damage. [an orb of fire]
 69519 | Zot:5    | Killed an orb of fire
 69540 | Zot:5    | Lost mutation: You are very dopey. (Int -4) [potion of
                  | mutation]
 69540 | Zot:5    | Lost mutation: You are very clumsy. (Dex -4) [potion of
                  | mutation]
 69540 | Zot:5    | Lost mutation: You occasionally shout uncontrollably at
                  | your foes. [potion of mutation]
 69540 | Zot:5    | Lost mutation: You are clumsy. (Dex -2) [potion of
                  | mutation]
 69540 | Zot:5    | Lost mutation: You are weak. (Str -2) [potion of mutation]
 69541 | Zot:5    | Lost mutation: You are dopey. (Int -2) [potion of mutation]
 69541 | Zot:5    | Lost mutation: Your flesh is heat resistant. (rF+) [potion
                  | of mutation]
 69541 | Zot:5    | Lost mutation: You are resistant to hostile enchantments.
                  | (MR+) [potion of mutation]
 69541 | Zot:5    | Gained mutation: You are frail. (-10% HP) [potion of
                  | mutation]
 69541 | Zot:5    | Gained mutation: Your muscles are strong. (Str +2) [potion
                  | of mutation]
 69792 | Zot:5    | Killed an ancient lich
 69849 | Zot:5    | Killed an orb of fire
 69856 | Zot:5    | Noticed an orb of fire
 70025 | Zot:5    | Gained mutation: You occasionally shout uncontrollably at
                  | your foes. [an orb of fire]
 70030 | Zot:5    | Killed an orb of fire
 70068 | Zot:5    | Noticed an orb of fire
 70090 | Zot:5    | Killed an orb of fire
 70473 | Zot:5    | Reached skill level 27 in Axes
 70925 | Zot:5    | Noticed an ancient lich
 70938 | Zot:5    | Killed an ancient lich
 71079 | Zot:5    | Received a gift from Trog
 71082 | Zot:5    | Got an iridescent war axe {god gift}
 71085 | Zot:5    | Identified the +4 war axe of Intuition {freeze, +Blink
                  | rPois Dex+2} (Trog gifted it to you on level 5 of the Realm
                  | of Zot)
 71097 | Zot:5    | Got the Orb of Zot
 71210 | Zot:2    | Noticed Putein the pandemonium lord
 71218 | Zot:2    | Killed Putein the pandemonium lord
 71584 | D:11     | Noticed Mijuosum the pandemonium lord
 71600 | D:11     | Killed Mijuosum the pandemonium lord
 71795 | D:4      | Noticed Vynah the pandemonium lord
 71812 | D:4      | Killed Vynah the pandemonium lord
 71911 | D:$      | Escaped with the Orb!

Vault maps used:
D:1:      shiori_arrival_maze
D:2:      grunt_ministairs_2, minmay_distorted
D:3:      old_standard_altar, uniq_robin, uniq_crazy_yiuf_cottage
D:4:      cheibrodos_greedy_goblins, lemuel_crystal_altar, temple_green,
          first_ration, tso_metal_star, uniq_pikel
D:5:      evilmike_ruin_ashenzari
D:6:      serial_bayou, serial_bayou_pond_a, serial_bayou_pond_a,
          serial_bayou_ford_a, serial_bayou_pond_e, serial_shops, shop,
          uniq_edmund
D:7:      lemuel_doored_altar, serial_undead, serial_undead_b, serial_undead_a,
          serial_undead_e, serial_undead_b, serial_undead_e, serial_undead_c,
          corexii_corridor_pit, the_bakery, grunt_ministairs_12
D:8:      gammafunk_temple_overflow_forgotten, old_standard_altar
D:9:      tgw_sif, lemuel_altar_in_water
D:10:     serial_shops, kennysheep_mini_moat, st_stairs_13
D:11:     hiddenorc1_lemuel
D:13:     uniq_kirke
D:14:     ximxim_vaults_locker_room, minmay_crystal_room
D:15:     gammafunk_depths_entry_grave,
          hangedman_abyss_or_decor_jellyfish_corner, wad_scary_box
Lair:1:   grunt_megastairs_1
Lair:2:   minmay_swamp_entry_eels, gammafunk_ghost_grave
Lair:3:   minmay_guarded_unrand_snakebite
Lair:4:   minmay_snake_entry_six_corridors
Lair:5:   hellmonk_ghost_happy_afterlife, cheibrodos_lair_lostbears
Lair:6:   cheibrodos_lair_end_hotspot, slime_altar_1, minmay_hedge_maze,
          eino_small_chamber_without_monster, worms_lemuel
Swamp:1:  hangedman_swamp_pad
Swamp:2:  evilmike_swamp_ruin_house_6
Swamp:3:  evilmike_swamp_ruin_house_3, uniq_roxanne
Swamp:4:  swamp_alternative
Snake:1:  kennysheep_six_static_rooms, lemuel_fruit_tree
Snake:2:  serial_shops, nicolae_shop_statue_plus, st_stairs_5, uniq_frances,
          uniq_agnes
Snake:3:  gammafunk_ghost_arena, serial_bayou_pond_a
Snake:4:  johnstein_snake_rune_scales, serial_shops, shop, nrook_loot_triangle,
          st_stairs_13, minmay_shop_grove, serial_bayou_shore_b
Orc:1:    uniq_erica
Orc:2:    st_orc_rangers, chequers_guarded_unrand_ignorance
Elf:1:    eino_elf_arrival_the_gate, basic_altar, serial_shops, bzr_entry_water,
          kennysheep_underground_church, uniq_louise
Elf:2:    ebering_ghost_gozag, serial_co_window_serial, co_window_paths_b,
          co_window_paths_a, co_window_corner_a, co_window_paths_a,
          co_window_corner_a, co_window_paths_a, glass_columns_b,
          glass_columns_a, glass_columns_a, glass_columns_b
Elf:3:    grunt_elf_hall_asides, serial_shops, shop
Vaults:1: nicolae_vaults_circle_grid_b, nicolae_vaults_minivaults,
          ontoclasm_vaults_twist, vaults_room_hallway, vaults_room_pools,
          vaults_dpeg_cross, nicolae_vaults_ninety_degrees,
          ontoclasm_vaults_ring_large, vaults_room_pool,
          ontoclasm_vaults_ring_square, serial_shops, shop
Vaults:2: dpeg_vaults_monster_box, ontoclasm_vaults_eye, grunt_vaults_twisty,
          st_octagons_2, nicolae_vaults_network_quincunx,
          hangedman_vaults_impose, v_alt_pattern_1, vaults_room_semicircle,
          v_misc_30, v_misc_19, nicolae_vaults_little_squares_4,
          ontoclasm_vaults_ring_large
Vaults:3: nicolae_vaults_little_ls, v_misc_19, hangedman_vaults_impose,
          vaults_standard_mumra_enter_the_diamond,
          minmay_crypt_entry_skeletal_spiral, nicolae_vaults_circle_grid_b,
          v_misc_27, v_rooms_2, hangedman_vaults_snaps, serial_shops, shop
Vaults:4: v_misc_8, vaults_mumra_minichess, nicolae_vaults_theta,
          hangedman_vaults_corner_blocks, nicolae_vaults_little_squares_4,
          st_smaller_cells, vaults_room_stairs_pillars,
          ontoclasm_vaults_decontamination, v_misc_2, v_misc_25,
          nicolae_vaults_bisected_exclaves, nicolae_trove_entry_free_sample
Crypt:1:  minigarden_bobbens
Crypt:2:  uniq_mara
Crypt:3:  lightli_unholy_cathedral, tomb_entry_moat_badplayer
Depths:1: hangedman_geh_valley, abyss_entry, chequers_jeans,
          kennysheep_generic_room_16
Depths:2: grunt_forest_end_winery, enter_ziggurat_a,
          infiniplex_enter_wizlab_water, hell_entry, uniq_sojobo, uniq_nikola,
          uniq_asterion
Depths:3: nooodl_glass_maze, minmay_misc_feat_chi,
          nicolae_abyss_entry_one_way_or_another, rand_demon_pan_entry_5,
          hell_entry, uniq_boris
Depths:4: hangedman_spin_cycle, hell_entry, abyss_entry, serial_shops,
          uniq_enchantress, uniq_saint_roka
Depths:5: evilmike_zot_entry_diamond, hell_entry, grunt_decor_arrowhead,
          kennysheep_random_hallway, serial_bayou_shore_a
Zot:1:    grunt_zot_stairs_mandelzot
Zot:2:    gammafunk_ghost_tricky_traps
Zot:4:    hangedman_zot_decor_checkerboard
Bazaar:   bazaar_kenran_forest_clearing
WizLab:   wizlab_wucad

Skill      XL: |  1  2  3  4  5  6  7  8  9 10 11 12 13 14 15 16 17 18 19 20 21 22 23 24 25 26 27 |
---------------+----------------------------------------------------------------------------------+-----
Axes           | 4 5 6 8 9 10 12 13 14 15 16 17 18 20 21 22 23 25 27 | 27.0
Fighting       | 4 5 6 8 9 11 12 13 14 15 16 19 20 21 23 25 27 | 27.0
Armour         | 3 4 6 8 9 11 13 14 15 16 17 20 21 22 23 24 | 24.0
Shields        | 2 4 6 9 11 13 14 15 18 20 21 22 25 | 25.0
Evocations     | 1 4 5 6 7 8 10 11 14 | 14.0
Dodging        | 5 12 15 21 | 21.2

Action                   |  1- 3 |  4- 6 |  7- 9 | 10-12 | 13-15 | 16-18 | 19-21 | 22-24 | 25-27 || total
-------------------------+-------+-------+-------+-------+-------+-------+-------+-------+-------++-------
Melee: Hand axe          |    42 |    61 |       |       |       |       |       |       |       ||   103
       Headbutt          |     6 |    16 |    35 |   125 |   228 |   286 |   380 |   617 |   498 ||  2191
       War axe           |       |    20 |   220 |   173 |       |       |       |       |       ||   413
       Broad axe         |       |       |       |   370 |  1056 |  1271 |  1306 |  1947 |  1562 ||  7512
       Eveningstar       |       |       |       |       |       |       |       |       |   167 ||   167
       Bite              |       |       |       |       |       |       |       |       |   170 ||   170
Throw: Javelin           |       |       |     2 |     1 |       |     2 |       |     2 |     6 ||    13
Invok: Berserk           |     3 |     3 |     2 |     7 |     9 |     6 |     5 |     2 |    18 ||    55
       Trog's Hand       |       |     1 |     2 |     5 |    12 |    10 |     7 |     4 |    13 ||    54
       Brothers in Arms  |       |       |       |     1 |     2 |     1 |     5 |       |       ||     9
 Abil: Evoke Invisibilit |       |       |       |       |       |       |       |       |    14 ||    14
Evoke: Wand              |       |       |       |       |    12 |     5 |     7 |     4 |    37 ||    65
       Box of beasts     |       |       |       |       |       |       |       |       |     4 ||     4
       Phantom mirror    |       |       |       |       |       |       |       |       |     4 ||     4
       Sack of spiders   |       |       |       |       |       |       |       |       |     3 ||     3
       Phial of floods   |       |       |       |       |       |       |       |       |     2 ||     2
  Use: Potion            |     1 |       |       |       |     2 |     1 |     3 |     1 |    30 ||    38
       Scroll            |       |       |     1 |    23 |    19 |     6 |     3 |    10 |    36 ||    98
 Stab: Sleeping          |     1 |       |       |       |       |       |       |       |       ||     1
       Confused          |       |       |       |       |     1 |     1 |       |       |       ||     2
       Distracted        |       |       |       |       |       |       |     1 |     1 |     1 ||     3
       Invisible         |       |       |       |       |       |       |       |       |   113 ||   113
  Eat: Chunk             |     5 |     8 |    13 |    25 |    46 |    18 |    25 |    19 |    15 ||   174
       Ration            |       |       |       |       |     2 |     6 |     4 |     6 |    23 ||    41
Armor: Animal skin       |     5 |       |       |       |       |       |       |       |       ||     5
       Ring mail         |       |    19 |     9 |       |       |       |       |       |       ||    28
       Scale mail        |       |       |    50 |     2 |       |       |       |       |       ||    52
       Plate armour      |       |       |       |   312 |   350 |    85 |       |       |       ||   747
       Crystal plate arm |       |       |       |       |       |   280 |   548 |   426 |   228 ||  1482
       Gold dragon scale |       |       |       |       |       |       |       |       |   209 ||   209
Dodge: Dodged            |    37 |    39 |    55 |   128 |   187 |   180 |   393 |   252 |   433 ||  1704
Block: Shield            |       |       |    74 |   314 |   492 |       |       |       |       ||   880
       Large shield      |       |       |       |       |   153 |  1442 |  1586 |  2128 |  2183 ||  7492
       Reflection        |       |       |       |       |       |    99 |    95 |   126 |    86 ||   406

Table legend:
 A = Non-vault XP
 B = Vault XP
 C = Vault XP percentage of total XP
 D = Non-vault monster count
 E = Vault monster count
 F = Vault count percentage of total count
                 A         B        C        D         E       F
            +---------+---------+-------+---------+---------+-------
      Total |  954198 |  833999 |  46.6 |    1598 |     861 |  35.0
            +---------+---------+-------+---------+---------+-------
        D:1 |      17 |       3 |  15.0 |      10 |       2 |  16.7
        D:2 |      88 |       4 |   4.3 |      14 |       3 |  17.6
        D:3 |      74 |      74 |  50.0 |      14 |      12 |  46.2
        D:4 |     805 |     684 |  45.9 |      27 |      12 |  30.8
        D:5 |     802 |       0 |   0.0 |      19 |       0 |   0.0
        D:6 |    1521 |     155 |   9.2 |      37 |       1 |   2.6
        D:7 |     738 |     865 |  54.0 |      12 |      13 |  52.0
        D:8 |     921 |       0 |   0.0 |      25 |       0 |   0.0
        D:9 |    2987 |      37 |   1.2 |      26 |       1 |   3.7
       D:10 |    2372 |     250 |   9.5 |      18 |       1 |   5.3
       D:11 |    2195 |     325 |  12.9 |      32 |      17 |  34.7
       D:12 |    9034 |       0 |   0.0 |      52 |       0 |   0.0
       D:13 |    4532 |    2819 |  38.3 |      31 |       4 |  11.4
       D:14 |    7813 |    2070 |  20.9 |      30 |      12 |  28.6
       D:15 |    4423 |    5489 |  55.4 |      13 |       8 |  38.1
     Lair:1 |    2567 |     378 |  12.8 |      14 |       1 |   6.7
     Lair:2 |    2087 |    1267 |  37.8 |      11 |       4 |  26.7
     Lair:3 |    4753 |     995 |  17.3 |      19 |       9 |  32.1
     Lair:4 |   10326 |    1664 |  13.9 |      28 |      12 |  30.0
     Lair:5 |    6896 |     612 |   8.2 |      22 |       2 |   8.3
     Lair:6 |   11936 |   12248 |  50.6 |      36 |      42 |  53.8
    Swamp:1 |    7645 |       0 |   0.0 |      21 |       0 |   0.0
    Swamp:2 |    9942 |       0 |   0.0 |      20 |       0 |   0.0
    Swamp:3 |   22574 |    1985 |   8.1 |      54 |       1 |   1.8
    Swamp:4 |   13974 |   16044 |  53.4 |      33 |      23 |  41.1
    Snake:1 |   13241 |    3523 |  21.0 |      25 |       6 |  19.4
    Snake:2 |    5965 |    5499 |  48.0 |      14 |       4 |  22.2
    Snake:3 |    8862 |       0 |   0.0 |      15 |       0 |   0.0
    Snake:4 |   18479 |   44804 |  70.8 |      34 |      73 |  68.2
      Orc:1 |    1385 |     934 |  40.3 |      16 |       1 |   5.9
      Orc:2 |    6731 |    4957 |  42.4 |      45 |      39 |  46.4
      Elf:1 |   13079 |    7785 |  37.3 |      21 |      11 |  34.4
      Elf:2 |   19304 |    8225 |  29.9 |      31 |       9 |  22.5
      Elf:3 |   20857 |   51817 |  71.3 |      30 |      36 |  54.5
   Vaults:1 |   38987 |   13107 |  25.2 |      70 |      18 |  20.5
   Vaults:2 |   41410 |   36242 |  46.7 |      58 |      60 |  50.8
   Vaults:3 |   19932 |   18599 |  48.3 |      31 |      34 |  52.3
   Vaults:4 |   26248 |   32054 |  55.0 |      41 |      26 |  38.8
   Vaults:5 |   33401 |  119789 |  78.2 |      48 |      94 |  66.2
    Crypt:1 |   32959 |    5870 |  15.1 |      55 |       6 |   9.8
    Crypt:2 |   34955 |    8084 |  18.8 |      42 |       1 |   2.3
    Crypt:3 |   39913 |   44974 |  53.0 |      57 |      43 |  43.0
   Depths:1 |   39480 |    3229 |   7.6 |      58 |       4 |   6.5
   Depths:2 |   19614 |   39320 |  66.7 |      23 |      30 |  56.6
   Depths:3 |   37138 |   17820 |  32.4 |      43 |      12 |  21.8
   Depths:4 |       0 |   87320 | 100.0 |       0 |      87 | 100.0
   Depths:5 |   53619 |   24193 |  31.1 |      48 |      18 |  27.3
      Zot:1 |   26199 |   44715 |  63.1 |      18 |      25 |  58.1
      Zot:2 |   77739 |    5155 |   6.2 |      49 |       4 |   7.5
      Zot:3 |   49120 |       0 |   0.0 |      29 |       0 |   0.0
      Zot:4 |   71697 |    2813 |   3.8 |      41 |       1 |   2.4
      Zot:5 |   72862 |  154076 |  67.9 |      38 |      38 |  50.0
     WizLab |       0 |    1127 | 100.0 |       0 |       1 | 100.0
            +---------+---------+-------+---------+---------+-------
